 Dungeon Crawl Stone Soup version 0.24.0-28-g17ded55e90 (webtiles) character file.

Game seed: 12484571866928243576, levelgen mode: deterministic

492 Nattfarinn the Chucker (level 6, 0/61 HPs)
             Began as a Troll Hunter on Nov 11, 2019.
             Slain by an orc priest
             ... wielding a +0 mace
              (2 damage)
             ... on level 4 of the Dungeon.
             The game lasted 00:09:46 (2750 turns).

Nattfarinn the Chucker (Troll Hunter)               Turns: 2750, Time: 00:09:47

Health: 0/61       AC:  6    Str: 26    XL:     6   Next: 91%
Magic:  5/5        EV: 10    Int: 11    God:
Gold:   249        SH:  0    Dex: 12    Spells: 5/5 levels left

rFire    + . .     SeeInvis .     - Unarmed
rCold    + . .     Gourm    +   (no shield)
rNeg     . . .     Faith    .   b - +0 robe
rPois    +         Spirit   .   (helmet restricted)
rElec    +         Reflect  .   (no cloak)
rCorr    +         Harm     .   (gloves unavailable)
MR       .....                  (boots unavailable)
Stlth    +.........             (no amulet)
HPRegen  0.60/turn              l - +4 ring of intelligence
MPRegen  0.09/turn              j - ring of wizardry

@: mighty, about to teleport, resistant, flying
A: large, unfitting armour, antennae 1, claws 3, fast metabolism 3, gourmand,
regeneration 1, shaggy fur 1, tough skin 3, wild magic 1
a: no special abilities


You were on level 4 of the Dungeon.
You were completely stuffed.

You visited 1 branch of the dungeon, and saw 4 of its levels.

You collected 249 gold pieces.

Inventory:

Missiles
 d - a throwing net (quivered)
 q - 18 poisoned darts
Armour
 b - a +0 robe (worn)
Jewellery
 j - a ring of wizardry (right claw)
 l - a +4 ring of intelligence (left claw)
 n - an uncursed amulet of harm {unknown}
 r - an uncursed amulet of inaccuracy
 u - a cursed ring of attention {unknown}
Scrolls
 a - 3 scrolls of magic mapping
 g - a scroll of amnesia
 m - a scroll of teleportation
 o - a scroll of immolation
 v - a scroll of identify
Comestibles
 f - 6 rations
 i - 4 chunks of flesh


   Skills:
 + Level 3.3 Fighting
 * Level 5.4 Throwing
 - Level 2.6 Dodging
 - Level 0.3 Stealth
 + Level 3.3 Unarmed Combat


You had 5 spell levels left.
You didn't know any spells.
Your spell library was empty.

Dungeon Overview and Level Annotations

Branches:
Dungeon (4/15)
 Temple: D:4-7

Altars:
Makhleb


Innate Abilities, Weirdness & Mutations

You are too large for most types of armour.
You have claws for hands.
Your metabolism is lightning-fast.
You like to eat raw meat.
Your natural rate of healing is unusually fast.
You are covered in fur. (AC +1)
You have extremely tough skin. (AC +3)
You have a pair of small antennae on your head.
Your spells are a little harder to cast, but a little more powerful.


Message History

The orc barely misses you.
The orc wizard hits you with a +0 dagger.
* * * LOW HITPOINT WARNING * * *
It was a potion of flight.
You feel very buoyant.
You fly up into the air.
The orc wizard looks braver for a moment.
The orc priest hits you but does no damage.
The orc barely misses you.
The orc wizard hits you but does no damage.
As you read the scroll of teleportation, it crumbles to dust.
You feel strangely unstable.
The orc wizard hits you but does no damage.
The orc priest hits you but does no damage.
The orc closely misses you.
You scratch the orc wizard. Your claw misses the orc wizard.
The orc wizard is moderately wounded.
The orc wizard hits you but does no damage.
The orc priest hits you with a +0 mace.
You die...

#...#....#
#......#
#...##...#
#......#
#......#
######.....#
##...##.....#
+...........#
#....?......#
##...<#.....#
#@.#########
#....ooo.#
#........#
#........#
#........#
##....<.##
########


You could see an orc priest, an orc wizard and an orc.

Vanquished Creatures
  A phantom (D:3)
  A bullfrog skeleton (D:4)
  A hound (D:4)
  An orc priest (D:4)
  2 orc wizards (D:4)
  3 worker ants (D:4)
  A howler monkey skeleton (D:4)
  7 adders
  An ooze (D:4)
  2 worms
  3 dart slugs
  2 leopard geckos (D:3)
  12 orcs
  9 giant cockroaches
  7 goblins
  8 hobgoblins
  6 jackals
  A quokka (D:4)
  A ball python (D:4)
  6 bats
  3 frilled lizards
  8 kobolds
  4 rats
90 creatures vanquished.

Notes
Turn   | Place    | Note
-------+----------+-------------------------------------------
     0 | D:1      | Nattfarinn the Troll Hunter began the quest for the Orb.
     0 | D:1      | Reached XP level 1. HP: 19/19 MP: 0/0
    72 | D:1      | Reached XP level 2. HP: 26/28 MP: 1/1
   563 | D:2      | Reached skill level 1 in Unarmed Combat
   589 | D:2      | Reached XP level 3. HP: 31/35 MP: 2/2
   705 | D:2      | Reached skill level 4 in Throwing
  1004 | D:3      | Noticed a phantom
  1031 | D:3      | Killed a phantom
  1031 | D:3      | Reached XP level 4. HP: 33/44 MP: 3/3
  1031 | D:3      | Reached XP level 5. HP: 38/50 MP: 4/4
  2163 | D:4      | Reached XP level 6. HP: 11/59 MP: 5/5
  2192 | D:4      | Found a burning altar of Makhleb.
  2371 | D:4      | Reached skill level 5 in Throwing
  2745 | D:4      | HP: 3/61 [orc wizard/+0 dagger (2)]
  2747 | D:4      | Gained mutation: Your spells are a little harder to cast,
                  | but a little more powerful. [potion of mutation]
  2747 | D:4      | Gained mutation: You have a pair of small antennae on your
                  | head. [potion of mutation]
  2747 | D:4      | HP: 1/61 [orc wizard/+0 dagger (4)]
  2750 | D:4      | Slain by an orc priest

Levels and vault maps discovered:
D:1:      eino_arrival_druids_welcome, layout_rooms, moated_statue,
          grunt_decor_clamped
D:2:      layout_rooms
D:3:      layout_basic
D:4:      minmay_bubble_buster, layout_gridville, kennysheep_little_box

Skill      XL: |  1  2  3  4  5  6 |
---------------+-------------------+-----
Unarmed Combat | 1 2 3 |  3.3
Fighting       | 2 3 |  3.3
Dodging        | 2 |  2.6
Throwing       | 4 5 |  5.4
Stealth        | |  0.3

Action                   |  1- 3 |  4- 6 || total
-------------------------+-------+-------++-------
Melee: Unarmed           |   133 |   240 ||   373
       Punch             |       |     4 ||     4
Throw: Large rock        |       |     7 ||     7
       Throwing net      |       |     1 ||     1
  Use: Scroll            |       |     8 ||     8
       Potion            |       |     7 ||     7
 Stab: Sleeping          |     1 |     3 ||     4
       Distracted        |     1 |       ||     1
  Eat: Chunk             |    15 |    16 ||    31
Armor: Robe              |    35 |   120 ||   155
Dodge: Dodged            |    70 |   152 ||   222
